[Event "Team 45 45 League T24"]
[Site "Free Internet Chess Server"]
[Date "2004.10.18"]
[Round "6"]
[White "chesstalker"]
[Black "manyhorses"]
[Result "1-0"]
[WhiteElo "1355"]
[BlackElo "1238"]
[TimeControl "2700+45"]

1. d4 d5 2. Bf4 Nf6 3. Nf3 Nc6 4. e3 Bf5 5. Nc3 Nb4 6. Bd3 e6 7. Bxf5 exf5 8. Nb5 Bd6 9. Ne5 O-O 10. Bg5 c6 11. Nxd6 Qxd6 12. c3 Na6 13. Qf3 Qe6 14. O-O c5 15. Bxf6 Qxf6 16. Nd7 Qe6 17. Nxf8 Rxf8 18. Rfd1 b6 19. dxc5 Rd8 20. b4 bxc5 21. Qe2 Nc7 22. bxc5 Qc6 23. Qh5 g6 24. Qg5 f6 25. Qh4 Kg7 26. Qb4 Ne6 27. Rab1 Nxc5 28. Rd4 Rd7 29. Qa5 g5 30. Rb5 Ne6 31. Rdxd5 Rxd5 32. Rxd5 Kg6 33. Rxf5 Qc4 34. h3 Qd3 35. Rd5 Qb1+ 36. Kh2 h5 37. Rd6 Qe4 38. Qa6 Qe5+ 39. Kg1 Kf5 40. Qd3+ Qe4 41. Qxe4+ Kxe4 42. Rxe6+ Kd5 43. Rxf6 Kc4 44. Rf5 Kxc3 45. Rxg5 Kb2 46. Rxh5 Kxa2 47. Ra5+ Kb2 48. f4 Kc2 49. f5 Kd2 50. f6 Kxe3 51. f7   {Black resigns} 1-0

[Event "Team 45 45 League T24"]
[Site "Free Internet Chess Server"]
[Date "2004.10.17"]
[Round "6"]
[White "Triplea"]
[Black "hotjazz"]
[Result "0-1"]
[WhiteElo "1251"]
[BlackElo "1289"]
[TimeControl "2700+45"]

1. e4 e6 2. d4 d5 3. e5 c5 4. c3 Nc6 5. Nf3 a6 6. Bf4 Qb6 7. b3 Nge7 8. Be2 Ng6 9. Bg3 Be7 10. Qd3 Bd7 11. O-O O-O-O 12. c4 f5 13. Nc3 f4 14. Na4 Qa5 15. cxd5 exd5 16. dxc5 Rdf8 17. Qxd5 fxg3 18. fxg3 Kb8 19. Nb6 Bxc5+ 20. Kh1 Qxb6 21. Qxd7 Ngxe5 22. Nxe5 Rxf1+ 23. Rxf1 Nxe5 24. Qxg7 Ng6 25. Rf7 Be7 26. Rxe7 Nxe7 27. Qxe7 Rc8 28. h4 Rc1+ 29. Kh2 Qg1+ 30. Kh3 Qh1+ 31. Kg4 Qxg2 32. Bf3 h5+ 33. Kf4 Qd2+ 34. Ke4 Re1+ 35. Kf5 Rxe7   {White resigns} 0-1

[Event "Team 45 45 League T24"]
[Site "Free Internet Chess Server"]
[Date "2004.10.17"]
[Round "6"]
[White "Almaty"]
[Black "YOIULI"]
[Result "0-1"]
[WhiteElo "1705"]
[BlackElo "1883"]
[TimeControl "2700+45"]

1. d4 d5 2. c4 e5 3. dxe5 d4 4. e3 Bb4+ 5. Bd2 dxe3 6. Qa4+ Bd7 7. Qxb4 exd2+ 8. Nxd2 Nc6 9. Qc3 Qe7 10. Ngf3 O-O-O 11. Be2 Nh6 12. h3 f6 13. O-O fxe5 14. Rfe1 g5 15. Bd3 Nf7 16. c5 h5 17. Nc4 Qxc5 18. Ncxe5 Qxc3 19. bxc3 Ncxe5 20. Nxe5 Nxe5 21. Rxe5 Bxh3 22. Bf5+ Bxf5 23. Rxf5 g4 24. f4 g3 25. Rg5 h4 26. Rg4 Rd3 27. Rc1 Rhd8 28. Kf1 Rd2 29. Re1 Rf2+ 30. Kg1 b6 31. Rf1 Rxa2 32. f5 Rdd2 33. Rxh4 Rxg2+ 34. Kh1 Rgf2 35. Kg1 Rxf1+ 36. Kxf1 Rf2+ 37. Kg1 Rxf5 38. Rg4 Rf3 39. c4 a5 40. Kg2 Rc3 41. Rd4 a4 42. c5 Rxc5 43. Kxg3 a3 44. Rd1 b5 45. Kf3 b4 46. Ra1 Rc2 47. Ke3 a2 48. Kd3 b3 49. Rxa2 bxa2 50. Kxc2 a1=R   {White resigns} 0-1

[Event "Team 45 45 League T24"]
[Site "Free Internet Chess Server"]
[Date "2004.10.16"]
[Round "6"]
[White "mandragora"]
[Black "TrondTumyr"]
[Result "1/2-1/2"]
[WhiteElo "1838"]
[BlackElo "1845"]
[TimeControl "2700+45"]

1. e4 e5 2. Nf3 Nc6 3. Bb5 a6 4. Ba4 Nf6 5. O-O Be7 6. Re1 d6 7. c3 O-O 8. h3 b5 9. Bb3 Bb7 10. d4 exd4 11. cxd4 Na5 12. Bc2 c5 13. Nbd2 Rc8 14. Nf1 Re8 15. Ng3 g6 16. Bg5 Qc7 17. Rc1 Nd7 18. Bxe7 Rxe7 19. Bb1 Rce8 20. dxc5 dxc5 21. b4 Nc4 22. Bd3 cxb4 23. Qb3 Nc5 24. Qb1 Nxd3 25. Qxd3 Qd6 26. Qc2 Qf4 27. Rcd1 Bxe4 28. Nxe4 Rxe4 29. Rxe4 Qxe4 30. Qb3 Na5 31. Qb2 Qe2 32. Qb1 Qe4 33. Qb2 Qc4 34. Rd4 Qc3 35. Rxb4 Qxb2 36. Rxb2 Nc4 37. Rb4 Nb6 38. Kf1 Rc8 39. Rb2 Rc1+ 40. Ke2 Nc4 41. Rb3 Ra1 42. Nd4 Rxa2+ 43. Ke1 Rb2 44. Rc3 Kg7 45. g4 Ra2 46. f4 Ra3 47. Rxa3 Nxa3 48. f5 gxf5 49. Nxf5+ Kf6 50. Kd2 h5 51. Kc3 hxg4 52. hxg4 Nc4 53. Kb4 Kg5 54. Kc3 Kxg4 55. Nh6+ Kf4 56. Nxf7 Ke4 57. Kb4 Kd4 58. Nd8 Kd5 59. Nb7 Kc6 60. Nd8+ Kb6 61. Ne6 a5+ 62. Kc3 Ne5 63. Kb3 Nd7 64. Kc3 Nc5 65. Nd4 Na6 66. Ne6 a4 67. Nd4 b4+ 68. Kb2 Kc5 69. Nc2 Kc4 70. Ne3+ Kd4 71. Nc2+ Kd3 72. Nxb4+ Nxb4   {Game drawn by mutual agreement} 1/2-1/2

[Event "Team 45 45 League T24"]
[Site "Free Internet Chess Server"]
[Date "2004.10.16"]
[Round "6"]
[White "zcomcon"]
[Black "Louro"]
[Result "1/2-1/2"]
[WhiteElo "1679"]
[BlackElo "1817"]
[TimeControl "2700+45"]

1. e4 c5 2. Nf3 d6 3. g3 Nc6 4. d3 g6 5. c3 Bg7 6. Bg2 e6 7. Nbd2 Nge7 8. Nf1 d5 9. exd5 Nxd5 10. Ne3 Nce7 11. O-O O-O 12. Qc2 Qc7 13. Rd1 b5 14. a3 Bb7 15. Qe2 a6 16. d4 Rfd8 17. dxc5 Qxc5 18. Nxd5 Nxd5 19. Ne5 Qc7 20. Nd3 Rac8 21. Bd2 Nf6 22. Bxb7 Qxb7 23. Be3 Nd5 24. Nf4 Nxe3 25. Qxe3 Qc7 26. Qf3 Bh6 27. Ne2 Rd6 28. Rxd6 Qxd6 29. Nd4 Rd8 30. Qe2 Bg7 31. Kf1 Bxd4 32. cxd4 Qd5 33. f3 Qxd4 34. Re1 Qd3 35. Kf2 Kf8 36. Qxd3 Rxd3 37. Re2 Ke7 38. Rc2 Kd6 39. Ke2 Rd5 40. f4 Rc5 41. Rd2+ Rd5 42. Rc2 Rc5 43. Rd2+ Kc6 44. Ke3 Rd5 45. Rc2+ Rc5 46. Rd2 e5 47. g4 exf4+ 48. Kxf4 Rd5 49. Rc2+ Kd6 50. h4 f5 51. gxf5 Rxf5+ 52. Kg4 Rc5 53. Rd2+ Rd5 54. Rc2 h6 55. Kf4 g5+ 56. hxg5 hxg5+ 57. Kg4 Ke5 58. Kxg5   {Game drawn by mutual agreement} 1/2-1/2

[Event "Team 45 45 League T24"]
[Site "Free Internet Chess Server"]
[Date "2004.10.17"]
[Round "6"]
[White "Gildo"]
[Black "DesparateDan"]
[Result "1-0"]
[WhiteElo "1637"]
[BlackElo "1677"]
[TimeControl "2700+45"]

1. e4 e5 2. Nf3 Nc6 3. d4 exd4 4. Nxd4 Bc5 5. Be3 Qf6 6. c3 Nge7 7. Be2 d5 8. Bf3 Ne5 9. exd5 Nxf3+ 10. Nxf3 Bxe3 11. fxe3 Nf5 12. Qe2 Bd7 13. O-O Qe7 14. Qd3 O-O-O 15. e4 Nd6 16. Nbd2 f6 17. c4 Rde8 18. Qa3 a6 19. Qc5 b6 20. Qd4 Nf7 21. Rac1 Ne5 22. c5 bxc5 23. Rxc5 Bb5 24. d6 Qd7 25. Rxc7+   {Black resigns} 1-0

[Event "Team 45 45 League T24"]
[Site "Free Internet Chess Server"]
[Date "2004.10.16"]
[Round "6"]
[White "inkaotibus"]
[Black "thomchad"]
[Result "1-0"]
[WhiteElo "2146"]
[BlackElo "1957"]
[TimeControl "2700+45"]

1. e4 c6 2. d4 d5 3. e5 Bf5 4. Bd3 Bxd3 5. Qxd3 e6 6. f4 Qh4+ 7. Qg3 Qxg3+ 8. hxg3 Bb4+ 9. c3 Be7 10. Nf3 Nd7 11. Nbd2 Nh6 12. Nh4 Nb6 13. Ndf3 a5 14. a4 O-O 15. Ng5 Rfe8 16. Ke2 Nd7 17. Nhf3 c5 18. Bd2 Nf5 19. Rh3 cxd4 20. Nxh7 dxc3 21. Bxc3 Nc5 22. g4 Nh6 23. Nf6+ gxf6 24. Rxh6 Ne4 25. exf6 Bd6 26. Be5 Ng3+ 27. Kd3 Bxe5 28. fxe5 Rec8 29. Rh3   {Black resigns} 1-0

[Event "Team 45 45 League T24"]
[Site "Free Internet Chess Server"]
[Date "2004.10.16"]
[Round "6"]
[White "LangstonB"]
[Black "HotDonut"]
[Result "0-1"]
[WhiteElo "1704"]
[BlackElo "1861"]
[TimeControl "2700+45"]

1. d4 Nf6 2. c4 c5 3. e3 cxd4 4. exd4 d5 5. c5 Nc6 6. a3 e5 7. Bb5 exd4 8. Qxd4 Qa5+ 9. Nc3 Bd7 10. Bxc6 Bxc6 11. b4 Qc7 12. Nge2 Be7 13. Ng3 O-O 14. O-O a6 15. Bf4 Qd7 16. Rfe1 Ng4 17. Nh5 Nf6 18. Nxf6+ Bxf6 19. Be5 Bxe5 20. Rxe5 Rfe8 21. Rd1 Rxe5 22. Qxe5 Re8 23. Qd6 Qxd6 24. cxd6 Re6 25. Nxd5 Bxd5 26. d7 Rd6   {White resigns} 0-1

[Event "Team 45 45 League T24"]
[Site "Free Internet Chess Server"]
[Date "2004.10.13"]
[Round "6"]
[White "senorquinn"]
[Black "threeNT"]
[Result "0-1"]
[WhiteElo "1508"]
[BlackElo "1623"]
[TimeControl "2700+45"]

1. d4 d5 2. c4 c6 3. Nc3 e6 4. Nf3 dxc4 5. e4 b5 6. b3 cxb3 7. Qxb3 a5 8. a4 b4 9. Nd1 Nf6 10. Bd3 Be7 11. Bg5 Ba6 12. e5 Nd5 13. Bxe7 Qxe7 14. Rc1 Bxd3 15. Qxd3 O-O 16. O-O Rc8 17. Ne3 Nxe3 18. Qxe3 Ra7 19. Nd2 Qd8 20. Nc4 Rd7 21. Nd6 Rxd6 22. exd6 Qxd6 23. Qe5 Qxe5 24. dxe5 c5 25. Rc2 c4 26. Rfc1 c3 27. Kf1 Nd7 28. f4 Nb6 29. Ra2 b3 30. Ra3 b2   {White resigns} 0-1

[Event "Team 45 45 League T24"]
[Site "Free Internet Chess Server"]
[Date "2004.10.16"]
[Round "6"]
[White "Nogger"]
[Black "Regnmanden"]
[Result "1-0"]
[WhiteElo "1993"]
[BlackElo "2139"]
[TimeControl "2700+45"]

1. c4 Nf6 2. Nf3 d5 3. d4 c6 4. g3 dxc4 5. Bg2 Bf5 6. O-O e6 7. Ne5 Nbd7 8. Nd2 Qc7 9. e4 Bg6 10. Nxg6 hxg6 11. Nxc4 Nh5 12. Be3 Be7 13. e5 g5 14. Rc1 g6 15. Qf3 Ng7 16. Bxg5 Nf5 17. Bxe7 Kxe7 18. Qa3+ Ke8 19. d5 exd5 20. Bxd5 Qd8 21. e6 cxd5 22. exd7+ Qxd7 23. Rfe1+ Kd8 24. Qa5+ Qc7 25. Qxd5+   {Black resigns} 1-0

[Event "Team 45 45 League T24"]
[Site "Free Internet Chess Server"]
[Date "2004.10.16"]
[Round "6"]
[White "YOIULI"]
[Black "Ottawa"]
[Result "1-0"]
[WhiteElo "1881"]
[BlackElo "1751"]
[TimeControl "2700+45"]

1. e4 c6 2. d4 d5 3. Nc3 g6 4. Nf3 Bg7 5. exd5 cxd5 6. Bb5+ Nc6 7. O-O Nf6 8. Ne5 Qc7 9. Bf4 Qb6 10. a4 Bd7 11. Nxd7 Nxd7 12. Nxd5 Qxd4 13. Qxd4 Bxd4 14. Nc7+ Kf8 15. Nxa8 e5 16. c3 Bc5 17. Bh6+ Ke7 18. Nc7 Kd6 19. Bxc6 Kxc6 20. Nb5 a6 21. Na3 Nf6 22. Bg7   {Black resigns} 1-0

[Event "Team 45 45 League T24"]
[Site "Free Internet Chess Server"]
[Date "2004.10.23"]
[Round "6"]
[White "LNO"]
[Black "mandragora"]
[Result "1-0"]
[WhiteElo "1776"]
[BlackElo "1838"]
[TimeControl "2700+45"]

1. e4 e5 2. f4 exf4 3. Nf3 g5 4. h4 g4 5. Ne5 Nf6 6. Bc4 d5 7. exd5 Bd6 8. d4 Nh5 9. Rh2 Qe7 10. Kf1 Ng3+ 11. Kg1 f6 12. Nd3 Ne2+ 13. Kf1 f3 14. gxf3 gxf3 15. Rxe2 fxe2+ 16. Qxe2 Bh3+ 17. Ke1 Bg3+ 18. Kd2 Qxe2+ 19. Kxe2 Bxh4 20. Bf4 Kd8 21. Nc5 Re8+ 22. Ne6+ Bxe6 23. dxe6 c6 24. Nc3 Nd7 25. Kf3 Nf8 26. d5 cxd5 27. Nxd5 Nxe6 28. Rd1 Kc8 29. Bh2 Bg5 30. Bb5 Ng7 31. Bxe8 f5 32. Bf7 b6 33. Be5 Bh6 34. Ne7+   {Black resigns} 1-0

[Event "Team 45 45 League T24"]
[Site "Free Internet Chess Server"]
[Date "2004.10.19"]
[Round "6"]
[White "Louro"]
[Black "twinders"]
[Result "1-0"]
[WhiteElo "1810"]
[BlackElo "1614"]
[TimeControl "2700+45"]

1. e4 c5 2. Nf3 d6 3. d4 cxd4 4. Nxd4 Nf6 5. Nc3 a6 6. Be2 Bd7 7. Be3 Nc6 8. O-O e6 9. Qd2 Be7 10. Nb3 O-O 11. a4 Na5 12. f4 Nxb3 13. cxb3 Bc6 14. Bf3 Qc7 15. Rac1 Qa5 16. Nd5 Qd8 17. Nxe7+ Qxe7 18. e5 Bxf3 19. exf6 Qxf6 20. Rxf3 d5 21. Bd4 Qd8 22. Rg3 f6 23. Rgc3 Qa5 24. Qe3 Qd8 25. Qxe6+ Kh8 26. Bb6 Qe8 27. Qxe8 Rfxe8 28. Kf2 Kg8 29. Rd3 Re4 30. g3 Rae8 31. Rc2 Re1 32. Re3 R8xe3 33. Bxe3 Rh1 34. Kg2 Rd1 35. Rd2 Rxd2+ 36. Bxd2 Kf7 37. Kf2 Ke6 38. Ke3 b5 39. g4 g6 40. Kd4 Kd6 41. f5 Kc6 42. Bb4 gxf5 43. gxf5 h5 44. h4   {Black resigns} 1-0

[Event "Team 45 45 League T24"]
[Site "Free Internet Chess Server"]
[Date "2004.10.16"]
[Round "6"]
[White "thxgg"]
[Black "minkowski"]
[Result "0-1"]
[WhiteElo "1894"]
[BlackElo "1974"]
[TimeControl "2700+45"]

1. d4 d5 2. c4 e6 3. Nf3 Nf6 4. g3 dxc4 5. Qa4+ Bd7 6. Qxc4 Bc6 7. Bg2 Bd6 8. O-O O-O 9. Nc3 Nbd7 10. b4 Nb6 11. Qb3 Nbd5 12. b5 Nxc3 13. bxc6 Nxe2+ 14. Kh1 Nxc1 15. Raxc1 b6 16. Ne5 Rb8 17. Rcd1 Qe7 18. g4 Rfd8 19. f4 Bxe5 20. dxe5 Nxg4 21. Qh3 Rxd1 22. Rxd1 Nf2+   {White resigns} 0-1

[Event "Team 45 45 League T24"]
[Site "Free Internet Chess Server"]
[Date "2004.10.17"]
[Round "6"]
[White "nham"]
[Black "ktwag"]
[Result "1-0"]
[WhiteElo "1998"]
[BlackElo "1912"]
[TimeControl "2700+45"]

1. e4 c6 2. d4 d5 3. exd5 cxd5 4. c4 Nf6 5. Nc3 e6 6. Nf3 Be7 7. Bd3 dxc4 8. Bxc4 Nc6 9. O-O O-O 10. Re1 Qb6 11. Rb1 Rd8 12. Be3 Ng4 13. Bd3 Nxe3 14. fxe3 h6 15. a3 Bd7 16. Bc2 Rac8 17. h4 Na5 18. h5 Qc7 19. Qd3 f5 20. e4 Bxa3 21. exf5 exf5 22. Re2 Bd6 23. Nd5 Qc4 24. Ne3 Qxd3 25. Bxd3 Rf8 26. Nh4 f4 27. Nef5 Bb4 28. Ne7+ Bxe7 29. Rxe7 Rcd8 30. Ng6 Rf6 31. d5 Nb3 32. Rbe1 Nc5 33. Bb1 Rb6 34. Ne5 f3 35. gxf3 Rxb2 36. Bg6 Bh3 37. Ng4   {Black resigns} 1-0

[Event "Team 45 45 League T24"]
[Site "Free Internet Chess Server"]
[Date "2004.10.22"]
[Round "6"]
[White "Zepphire"]
[Black "noHz"]
[Result "0-1"]
[WhiteElo "1899"]
[BlackElo "1883"]
[TimeControl "2700+45"]

1. d4 d5 2. c4 Nf6 3. Nc3 e6 4. Bg5 Be7 5. Nf3 Nbd7 6. Rc1 c6 7. e3 O-O 8. cxd5 exd5 9. Bd3 Ne4 10. Bxe7 Qxe7 11. O-O Re8 12. h3 Ndf6 13. Ne5 Nd7 14. f4 f6 15. Ng4 Nf8 16. Rf3 Ng6 17. Nxe4 dxe4 18. Bc4+ Kh8 19. Rg3 Be6 20. Nf2 Bxc4 21. Rxc4 Qe6 22. Rc5 Ne7 23. Qg4 Qxg4 24. hxg4 Nd5 25. Nd1 Rac8 26. Ra5 a6 27. Nc3 Nb4 28. Rh5 g6 29. Rh2 Nd3 30. Rgh3 Rc7 31. d5 cxd5 32. g3 Rd8 33. a4 b6 34. Rh4 Ne1 35. Rf2 Nf3+ 36. Rxf3 exf3 37. Kf2 d4 38. exd4 Rxd4 39. Kxf3 Rd3+ 40. Kf2 Rd2+ 41. Ke3 Rxb2 42. Nd5 Rc6 43. g5 Re6+ 44. Kd3 Rd6 45. Kc3 fxg5 46. fxg5 Re2 47. Nf6 Re7 48. Rc4 Kg7 49. Rc8 Rxf6 50. gxf6+ Kxf6 51. Rc6+ Re6 52. Rc4 h5 53. Kb4 Kf5 54. Rf4+ Kg5 55. Rd4 Kf5 56. Rf4+ Ke5 57. Rc4 Kd5 58. Rc3 Re4+ 59. Kb3 b5 60. a5 g5 61. Rf3 h4 62. Rf5+ Re5 63. Rf3 Kd4 64. gxh4 gxh4 65. Rf4+ Re4 66. Rf6 h3 67. Rxa6 Rh4 68. Rd6+ Kc5 69. Rd1 h2 70. Rc1+ Kd6 71. Rh1 Kc6 72. Kc3 b4+ 73. Kb2 Kb5 74. Kb3 Kxa5 75. Kb2 Kb5 76. Kb3 Rh3+ 77. Kb2 Kc4 78. Kc2 Kd4 79. Kb2 Ke4 80. Kc2 Kf3   {White resigns} 0-1